Map: Lightshade LE

Players

HeroMarine - Winner!

  • Race: Terran Terran
  • Spawn Location: 5:00

GunGFuBanDa

  • Race: Protoss Protoss
  • League: Master
  • Spawn Location: 11:00

Event: StayAtHome Story Cup #3

VOD

Have the link to the VOD?

Description

Time

  • Played on: March 11, 2021, 9:39 a.m.
  • Length: 11:41

All games in this series

Show
View Real Time Build Order
Export as new Build Order

HeroMarine Terran - Winner!

Build Orders: Reaper Expand 

Get SALT Encoding   

  12  0:00  SCV  
  13  0:12  SCV  
  14  0:17  Supply Depot  
  14  0:24  SCV  
  15  0:38  SCV  
  15  0:40  Barracks  
  16  0:43  Refinery  
  16  0:50  SCV  
  17  1:03  SCV  
  18  1:15  SCV  
  19  1:28  Orbital Command, Reaper  
  20  1:46  Command Center  
  20  1:51  Supply Depot  
  20  1:53  SCV  
  21  2:00  Marine  
  22  2:06  SCV  
  23  2:11  Bunker  
  23  2:18  SCV  
  23  2:19  Factory  
  23  2:22  Barracks Reactor  
  24  2:30  SCV  
  25  2:42  SCV  
  26  2:50  Refinery  
  25  2:54  SCV  
  26  3:01  Marine x2  
  28  3:06  SCV  
  28  3:11  Hellion  
  31  3:14  Starport  
  31  3:17  Orbital Command  
  31  3:18  SCV  
  31  3:19  Marine x2  
  33  3:30  SCV  
  33  3:32  Widow Mine  
  36  3:36  Marine  
  36  3:37  Marine  
  36  3:40  Supply Depot  
  38  3:42  SCV x2  
  40  3:50  Medivac  
  40  3:54  Widow Mine, SCV x2  
  46  4:01  Marine x2  
  46  4:02  Barracks  
  48  4:07  SCV x2  
  48  4:08  Supply Depot  
  50  4:12  Engineering Bay  
  50  4:16  Factory Tech Lab  
  50  4:19  SCV x2, Marine x2  
  54  4:25  Refinery  
  54  4:31  SCV x2  
  54  4:33  Barracks  
  54  4:35  Supply Depot  
  54  4:40  Raven  
  54  4:42  Factory Tech Lab  
  54  4:43  SCV x2  
  58  4:48  Marine x2  
  60  4:55  SCV x2  
  60  4:57  Bunker  
  60  4:59  Barracks Tech Lab  
  62  5:00  Siege Tank  
  62  5:06  Marine x2  
  65  5:07  SCV x2  
  67  5:18  Marauder, Stimpack  
  67  5:19  SCV  
  70  5:22  Refinery  
  70  5:24  SCV  
  67  5:31  SCV  
  67  5:32  Siege Tank  
  65  5:36  SCV  
  65  5:38  Marine  
  65  5:39  Marauder  
  65  5:40  Marine  
  67  5:43  SCV  
  67  5:49  SCV  
  69  5:54  Marine  
  69  5:55  SCV  
  67  6:02  SCV  
  59  6:08  SCV, Marine  
  50  6:14  SCV  
  50  6:18  Marine, Siege Tank  
  51  6:19  Marine  
  51  6:20  SCV  
  51  6:25  Marine  
  53  6:26  SCV, Starport Reactor  
  53  6:32  SCV  
  54  6:33  Marine  
  54  6:35  Terran Infantry Weapons Level 1  
  54  6:36  Marine  
  54  6:38  SCV  
  57  6:43  Marauder  
  57  6:44  SCV  
  60  6:49  Combat Shield  
  60  6:50  SCV, Marauder  
  60  6:51  Marine  
  60  6:52  Siege Tank  
  60  6:54  Marine  
  67  6:56  SCV, Supply Depot  
  65  7:02  SCV  
  65  7:06  Marauder  
  65  7:08  SCV  
  66  7:11  Marauder  
  66  7:12  Medivac  
  66  7:13  Marine x2  
  66  7:14  SCV  
  73  7:20  SCV  
  74  7:23  Supply Depot  
  74  7:26  SCV, Medivac  
  74  7:28  Marauder  
  79  7:31  Marine x2  
  79  7:32  SCV  
  79  7:34  Concussive Shells  
  82  7:37  Marauder  
  82  7:38  SCV  
  85  7:45  Medivac  
  85  7:46  Supply Depot  
  85  7:47  SCV  
  88  7:53  SCV  
  88  7:57  Marauder  
  91  8:00  Marauder  
  91  8:03  Factory Reactor  
  94  8:06  Marine  
  94  8:07  Marine  
  94  8:08  Missile Turret x2  
  95  8:18  Marauder  
  96  8:21  Marauder  
  96  8:22  Medivac x2  
  102  8:33  Supply Depot  
  102  8:34  Terran Infantry Armor Level 1  
  102  8:36  Marine x2  
  102  8:38  Supply Depot  
  104  8:46  Marauder x2  
  108  8:52  Widow Mine x2  
  108  8:53  SCV  
  108  8:54  SCV  
  104  9:01  Medivac  
  106  9:07  Marauder  
  110  9:14  Widow Mine  
  112  9:22  Marauder, Marine x2  
  112  9:29  Marauder  
  116  9:39  Medivac  
  116  9:40  Marine x2  
  116  9:43  Marauder  
  116  9:44  Medivac  
  122  9:50  Marauder  
  124  9:57  Marine  
  124  9:58  Marine  
  119  10:04  Marauder  
  120  10:11  Marauder  
  112  10:15  Marine  
  112  10:20  Marine  
  108  10:26  Marauder  
  106  10:29  Widow Mine x2  
  106  10:33  Marauder, Marine  
  113  10:38  Marine  
  113  10:47  Marine  
  108  10:51  Marine  
  108  10:53  Medivac  
  108  10:54  Marauder  
  111  11:05  Marauder  
  112  11:17  Marauder  
  112  11:18  Marine x2  
Show
View Real Time Build Order
Export as new Build Order

GunGFuBanDa Protoss 

Build Orders: 1 Gate Expand, Blink Stalkers 

Get SALT Encoding   

  12  0:00  Probe  
  13  0:12  Probe  
  14  0:18  Pylon  
  14  0:24  Probe (Chrono Boost)  
  15  0:36  Probe (Chrono Boost)  
  15  0:37  Gateway  
  16  0:45  Probe (Chrono Boost)  
  16  0:46  Assimilator  
  17  0:51  Probe  
  18  1:03  Probe  
  19  1:15  Probe  
  20  1:24  Cybernetics Core  
  20  1:32  Nexus  
  20  1:34  Probe  
  21  1:42  Pylon  
  21  1:48  Probe  
  21  1:52  Assimilator  
  22  1:58  Adept (Chrono Boost)  
  22  2:00  Probe  
  25  2:05  Shield Battery  
  25  2:07  Warp Gate  
  25  2:15  Probe  
  26  2:18  Adept (Chrono Boost)  
  28  2:27  Probe  
  29  2:40  Probe (Chrono Boost)  
  29  2:43  Stalker  
  32  2:46  Probe (Chrono Boost)  
  34  2:55  Twilight Council  
  34  2:57  Probe x2 (Chrono Boost)  
  35  3:03  Probe  
  37  3:13  Probe (Chrono Boost)  
  37  3:15  Probe (Chrono Boost)  
  38  3:23  Robotics Facility  
  38  3:25  Probe (Chrono Boost)  
  38  3:26  Probe (Chrono Boost)  
  40  3:27  Blink (Chrono Boost)  
  40  3:29  Gateway  
  40  3:30  Probe (Chrono Boost)  
  41  3:34  Probe  
  42  3:42  Probe, Pylon  
  43  3:50  Probe  
  43  3:51  Gateway  
  43  3:52  Gateway  
  45  3:55  Probe  
  45  3:59  Assimilator  
  45  4:03  Probe  
  45  4:07  Warp Prism (Chrono Boost)  
  46  4:12  Stalker  
  46  4:15  Pylon  
  50  4:17  Probe  
  51  4:25  Stalker  
  53  4:36  Observer  
  53  4:37  Pylon  
  54  4:40  Stalker  
  56  4:47  Stalker x2  
  58  5:09  Probe  
  58  5:10  Probe  
  58  5:11  Stalker x4  
  66  5:38  Stalker x4  
  70  6:00  Charge (Chrono Boost)  
  70  6:02  Stalker x2  
  70  6:09  Warp Prism (Chrono Boost)  
  70  6:10  Probe  
  53  6:11  Probe  
  53  6:12  Observer  
  54  6:24  Nexus  
  52  6:29  Observer, Stalker  
  52  6:30  Stalker x3  
  60  6:38  Probe  
  60  6:39  Gateway  
  61  6:40  Gateway  
  61  6:43  Probe, Observer, Pylon  
  62  6:50  Probe  
  63  6:55  Probe, Zealot x3  
  66  7:10  Probe, Immortal  
  71  7:16  Zealot x3  
  71  7:17  Probe  
  71  7:20  Dark Shrine  
  71  7:21  Observer, Forge  
  78  7:37  Zealot x3, Pylon, Sentry  
  80  7:39  Zealot x2  
  90  7:50  Probe x3  
  92  7:52  Protoss Ground Weapons Level 1 (Chrono Boost)  
  92  7:54  Observer  
  93  8:02  Probe x2  
  95  8:07  Gateway  
  95  8:11  Gateway  
  95  8:16  Shield Battery, Immortal  
  97  8:29  Zealot x2  
  97  8:33  Pylon  
  101  8:34  Pylon  
  101  8:37  Pylon  
  101  8:41  Shield Battery  
  101  8:42  Pylon  
  101  8:45  Dark Templar  
  101  8:48  Dark Templar  
  101  8:54  Immortal (Chrono Boost)  
  92  8:55  Dark Templar  
  92  8:59  Gateway  
  90  9:03  Zealot x3  
  94  9:13  Probe  
  94  9:14  Probe x2, Observer  
  94  9:16  Robotics Bay  
  95  9:25  Probe  
  95  9:26  Stalker x3, Sentry  
  95  9:27  Zealot x2  
  108  9:32  Assimilator  
  108  9:36  Assimilator  
  108  9:45  Photon Cannon  
  108  9:49  Zealot x4  
  108  9:50  Zealot x2  
  120  9:59  Disruptor (Chrono Boost)  
  116  10:02  Dark Templar  
  121  10:11  Observer  
  121  10:14  Zealot x7  
  121  10:30  Disruptor (Chrono Boost)  
  123  10:36  Zealot x5  
  121  11:04  Pylon  
  121  11:05  Pylon  
  86  11:25  Zealot x3  
  86  11:26  Zealot x3  
Tags
 
Add a new tag
Caveats
  • Supply blocks, unpowered buildings, or Contaminate may cause inaccurate times.
  • Supply counts are checked every 10 seconds.